 Dungeon Crawl Stone Soup version 0.29-a0-371-g91724d5b39 (webtiles) character file.

Game seed: 2744696895304869671

1806 ryw the Fighter (level 8, -2/70 HPs)
             Began as a Demonspawn Monk on May 3, 2022.
             Was a Believer of Makhleb.
             Slain by a sky beast (6 damage)
             ... on level 6 of the Dungeon.
             The game lasted 00:11:38 (7055 turns).

ryw the Fighter (Demonspawn Monk)                   Turns: 7055, Time: 00:11:38

Health: -2/70      AC:  8    Str: 13    XL:     8   Next: 84%
Magic:  11/11      EV: 14    Int: 13    God:    Makhleb [**....]
Gold:   268        SH:  0    Dex: 15    Spells: 7/7 levels left

rFire   + . .      SeeInvis .   j - +0 morningstar
rCold   . . .      Faith    .   (no shield)
rNeg    . . .      Spirit   .   l - +2 leather armour {rF+}
rPois   .          Reflect  .   (no helmet)
rElec   .          Harm     .   d - +2 cloak
rCorr   .          Rampage  .   (no gloves)
Will    .....                   (no boots)
Stlth   ++........              c - amulet of magic regeneration
HPRegen 0.21/turn               (no ring)
MPRegen 0.52/turn               (no ring)

@: no status effects
A: hooves 2, repulsion field 1, foul stench 1, powered by death 1
a: Renounce Religion, Minor Destruction


You were on level 6 of the Dungeon.
You worshipped Makhleb.
Makhleb was pleased with you.
You visited 2 branches of the dungeon, and saw 7 of its levels.

You collected 268 gold pieces.

Inventory:

Hand Weapons
 j - a +0 morningstar (weapon)
Missiles
 g - 7 poisoned darts (quivered)
Armour
 d - a +2 cloak (worn)
 l - a +2 leather armour of fire resistance (worn)
 v - a +0 leather armour of cold resistance
Jewellery
 c - an amulet of magic regeneration (around neck)
 m - a ring of fire
 r - a ring of magical power
Wands
 o - a wand of iceblast (8)
Scrolls
 f - a scroll of identify
 h - a scroll of blinking
 k - a scroll of fear
 n - a scroll of amnesia
 p - a scroll of silence
Potions
 a - a potion of attraction
 b - a potion of ambrosia
 e - 3 potions of brilliance
 i - a potion of heal wounds
 q - 2 potions of might {unknown}
 s - 4 potions of resistance
 t - a potion of curing {unknown}


   Skills:
 + Level 8.8 Fighting
 - Level 4.8 Maces & Flails
 - Level 0.3 Throwing
 - Level 3.1 Armour
 + Level 3.0 Dodging
 - Level 1.7 Stealth
 - Level 2.6 Unarmed Combat
 - Level 5.0 Invocations


You had 7 spell levels left.
You didn't know any spells.
Your spell library contained the following spells:

 Spells                   Type           Power      Damage    Failure   Level
 Ignite Poison            Fire/Tmut/Pois 0%         N/A       75%         3
 Mephitic Cloud           Conj/Pois/Air  0%         N/A       75%         3
 Freezing Cloud           Conj/Ice/Air   0%         6-21      100%        5


Dungeon Overview and Level Annotations

Branches:
Dungeon (6/15)             Temple (1/1) D:4

Altars:
Ashenzari
Cheibriados
Dithmenos
Elyvilon
Fedhas
Gozag
Kikubaaqudgha
Makhleb
Nemelex Xobeh
Okawaru
Qazlal
Ru
Sif Muna
Trog
Uskayaw
Vehumet
Xom
Yredelemnul
Zin
The Shining One

Shops:
D:4 (

Annotations:
D:4 3 runed translucent doors, jujuben's ghost, amateur TeHu
D:6 Maggie


Innate Abilities, Weirdness & Mutations

You have hoof-like feet.
You are surrounded by a mild repulsion field. (EV +2)
You may rarely emit foul miasma when damaged in melee.
You regenerate a little health from kills.


Message History

The sky beast is heavily wounded.
The sky beast flickers out of sight!
Deactivating autopickup; reactivate with Ctrl-A.
Something hits you but does no damage.
You barely miss something. You kick something. Something hits you.
Something shocks you.
You miss something. You kick something.
A sky beast appears from thin air!
Reactivating autopickup.
The sky beast closely misses you.
The sky beast hits you but does no damage.
You closely miss the sky beast.
The sky beast is severely wounded.
The sky beast flickers out of sight!
Deactivating autopickup; reactivate with Ctrl-A.
Something hits you but does no damage.
You barely miss something. Your kick misses something.
Something hits you but does no damage.
You closely miss something. Your kick misses something. Something hits you.
Something shocks you.
You puncture something! Something hits you. Something shocks you.
Something hits you but does no damage.
You closely miss something. Something hits you. Something shocks you.
* * * LOW HITPOINT WARNING * * *
You miss something. Something hits you but does no damage.
You closely miss something. Your kick misses something. Something hits you.
* * * LOW HITPOINT WARNING * * *
Something shocks you.
* * * LOW HITPOINT WARNING * * *
Something hits you but does no damage.
You closely miss something. Your kick misses something.
Something hits you but does no damage.
You miss something. Something hits you but does no damage.
You closely miss something. You kick something. Something hits you.
* * * LOW HITPOINT WARNING * * *
Something shocks you.
* * * LOW HITPOINT WARNING * * *
You barely miss something. Your kick misses something. Something hits you.
* * * LOW HITPOINT WARNING * * *
Something shocks you.
You die...

#....[......# #..# ##
#...........###.##
....†.......##..#
...........##..##
.........###...#
........##....##
.......##.....### # #
................####....
##
...######.......@{......
#. #### ###.#######.....
## ### ... #


There were no monsters in sight!

Vanquished Creatures
  Eustachio (D:5)
  A sky beast (D:3)
  2 ogres
  A centaur (D:5)
  2 phantoms
  Blork the orc (D:4)
  2 necrophages (D:5)
  3 scorpions (D:5)
  A jelly (D:5)
  An orc priest (D:3)
  A gnoll shaman (D:5)
  2 hounds
  Natasha (twice) (D:3)
  4 iguanas
  4 orc wizards
  9 adders
  5 gnolls (D:5)
  An ufetubus (D:5)
  A dart slug (D:1)
  14 orcs
  4 endoplasms
  3 giant cockroaches
  A goblin (D:1)
  4 hobgoblins
  12 jackals
  3 kobolds
  2 quokkas
  5 ball pythons
  3 bats
  3 frilled lizards
  3 rats
101 creatures vanquished.

Vanquished Creatures (collateral kills)
  Grinder (D:3)
  2 jackals (D:3)
3 creatures vanquished.

Vanquished Creatures (others)
  2 orc wizards
2 creatures vanquished.

Grand Total: 106 creatures vanquished

Notes
Turn   | Place    | Note
-------+----------+-------------------------------------------
     0 | D:1      | ryw the Demonspawn Monk began the quest for the Orb.
     0 | D:1      | Reached XP level 1. HP: 18/18 MP: 1/1
   572 | D:1      | Gained mutation: You are surrounded by a mild repulsion
                  | field. (EV +2) [demonic ancestry]
   572 | D:1      | Reached XP level 2. HP: 24/24 MP: 2/2
   823 | D:1      | Reached skill level 4 in Fighting
  1340 | D:2      | Gained mutation: You have large cloven feet. [demonic
                  | ancestry]
  1340 | D:2      | Reached XP level 3. HP: 25/31 MP: 3/3
  1437 | D:2      | Found a bloodstained altar of Trog.
  2288 | D:3      | Reached XP level 4. HP: 33/38 MP: 4/4
  2333 | D:3      | Noticed Grinder
  2360 | D:3      | Killed Grinder
  2361 | D:3      | Reached skill level 6 in Fighting
  2361 | D:3      | Gained mutation: You have hoof-like feet. [demonic
                  | ancestry]
  2361 | D:3      | Reached XP level 5. HP: 26/46 MP: 5/5
  2367 | D:3      | Gained mutation: You may rarely emit foul miasma when
                  | damaged in melee. [demonic ancestry]
  2367 | D:3      | Reached XP level 6. HP: 30/52 MP: 6/6
  2586 | D:3      | Noticed Natasha
  2609 | D:3      | Killed Natasha
  2972 | D:3      | Noticed a sky beast
  3164 | D:3      | Noticed Natasha
  3173 | D:3      | Killed Natasha
  3377 | D:3      | Killed a sky beast
  3656 | D:4      | Found a sacrificial altar of Ru.
  3656 | D:4      | Found a burning altar of Makhleb.
  3657 | D:4      | Found a snail-covered altar of Cheibriados.
  3662 | D:4      | Reached skill level 7 in Fighting
  3662 | D:4      | Reached skill level 1 in Maces & Flails
  3662 | D:4      | Gained mutation: You regenerate a little health from kills.
                  | [demonic ancestry]
  3662 | D:4      | Reached XP level 7. HP: 38/60 MP: 7/7
  3798 | D:4      | Found a staircase to the Ecumenical Temple.
  3832 | D:4      | Found a runed translucent gate.
  3832 | D:4      | Found a runed translucent gate.
  3832 | D:4      | Found a runed translucent gate.
  4035 | D:4      | Found Feugedus's Weapon Emporium.
  4155 | D:4      | Noticed jujuben's ghost (amateur TeHu)
  4340 | D:4      | Noticed Blork the orc
  4417 | D:4      | Killed Blork the orc
  4588 | Temple   | Entered the Ecumenical Temple
  4803 | D:4      | Became a worshipper of Makhleb the Destroyer
  4803 | D:4      | Reached * piety under Makhleb
  4803 | D:4      | Reached ** piety under Makhleb
  4815 | D:5      | Entered Level 5 of the Dungeon
  4841 | D:5      | Reached skill level 1 in Invocations
  5164 | D:5      | Reached XP level 8. HP: 12/68 MP: 9/9
  5674 | D:5      | Reached skill level 8 in Fighting
  5923 | D:5      | Found a blossoming altar of Fedhas.
  6093 | D:5      | Noticed Eustachio
  6139 | D:5      | Killed Eustachio
  6429 | D:5      | Reached skill level 5 in Invocations
  6990 | D:6      | Noticed Maggie
  7055 | D:6      | Slain by a sky beast

Illustrated notes

Levels and vault maps discovered:
D:1:      evilmike_arrival_crescent, layout_basic
D:2:      layout_rooms, basic_altar
D:3:      layout_loops_corners, uniq_grinder, uniq_natasha
D:4:      layout_cave_pools, overflow_temple_1_default,
          chequers_temple_overflow_statue_of_worship, temple_pool_b,
          gammafunk_ghost_icy, serial_shops, shop_statue, uniq_blork_the_orc
D:5:      layout_basic, minmay_statues_item, kennysheep_flooded_box,
          uniq_eustachio
D:6:      layout_cave_pods, uniq_maggie
Temple:   eino_temple_scatter_basement

Skill      XL: |  1  2  3  4  5  6  7  8 |
---------------+-------------------------+-----
Fighting       | 4 6 7 8 |  8.8
Armour         | 2 3 |  3.1
Maces & Flails | 1 3 4 |  4.8
Invocations    | 2 5 |  5.0
Dodging        | 3 |  3.0
Throwing       | |  0.3
Stealth        | |  1.7
Unarmed Combat | |  2.6

Action                   |  1- 3 |  4- 6 |  7- 9 || total
-------------------------+-------+-------+-------++-------
Melee: Unarmed           |   150 |    95 |       ||   245
       Punch             |     5 |     1 |     2 ||     8
       Kick              |     9 |    27 |    81 ||   117
       Morningstar       |       |     3 |   259 ||   262
Throw: Dart              |       |     4 |       ||     4
  Use: Scroll            |     5 |     6 |     2 ||    13
       Potion            |       |     3 |       ||     3
 Stab: Sleeping          |     3 |     2 |     4 ||     9
Armor: Robe              |    27 |       |       ||    27
       Leather armour    |    18 |    38 |   105 ||   161
Dodge: Dodged            |   104 |    82 |   177 ||   363

Table legend: (Time is in decaauts)
 A = Elapsed time spent in this place.
 B = Non-inter-level travel time spent in this place.
 C = Inter-level travel time spent in this place.
 D = Time resting spent in this place.
 E = Time spent auto-exploring this place.
 F = Levels seen in this place.
 G = Mean time per level.
                   A        B        C        D        E       F      G
               +--------+--------+--------+--------+--------+-----+--------+
         Total |   7136 |   6941 |    195 |    998 |   4791 |   7 | 1019.4 |
       Dungeon |   6948 |   6767 |    181 |    998 |   4632 |   6 | 1158.0 |
        Temple |    188 |    174 |     14 |      0 |    159 |   1 |  188.0 |
               +--------+--------+--------+--------+--------+-----+--------+

Top non-repeatable levels by time:
     D:5: 1870 daAuts
     D:3: 1673 daAuts
     D:1: 1213 daAuts
     D:4: 994 daAuts
     D:2: 767 daAuts
     D:6: 428 daAuts
  Temple: 188 daAuts
